 Dungeon Crawl Stone Soup version 0.27.1-35-g4d5d836560 (webtiles) character file.

Game seed: 2086234253595690405

18 Delamore the Sneak (level 2, -1/19 HPs)
             Began as an Octopode Brigand on Mar 14, 2022.
             Shot with a stone by a goblin (2 damage)
             ... led by Robin
             ... on level 2 of the Dungeon.
             The game lasted 00:00:35 (1011 turns).

Delamore the Sneak (Octopode Brigand)               Turns: 1011, Time: 00:00:35

Health: -1/19      AC:  1    Str: 10    XL:     2   Next: 66%
Magic:  2/2        EV: 12    Int: 13    God:
Gold:   88         SH:  0    Dex: 13    Spells: 1/1 levels left

rFire    . . .     SeeInvis .   a - +2 dagger
rCold    . . .     Faith    .   (no shield)
rNeg     . . .     Spirit   .   (helmet restricted)
rPois    .         Reflect  .   (no amulet)
rElec    .         Harm     .   (no ring)
rCorr    .         Rampage  .   (no ring)
Will     .....                  (no ring)
Stlth    ++++......             (no ring)
HPRegen  0.06/turn              (no ring)
MPRegen  0.08/turn              (no ring)
                                (no ring)
                                (no ring)

@: no status effects
A: almost no armour, amphibious, 8 rings, camouflage 1, gelatinous body 1,
(nimble swimmer 1), tentacles
a: no special abilities


You were on level 2 of the Dungeon.
You visited 1 branch of the dungeon, and saw 2 of its levels.

You collected 88 gold pieces.

Inventory:

Hand Weapons
 a - a +2 dagger (weapon)
Missiles
 b - 8 poisoned darts (quivered)
 c - 2 curare-tipped darts
 e - 4 javelins
Scrolls
 f - a scroll of teleportation {unknown}
 i - a scroll of immolation {unknown}
Potions
 d - a potion of lignification {unknown}
 g - a potion of attraction {unknown}
 h - a potion of berserk rage {unknown}
 j - a potion of resistance {unknown}
 k - a potion of curing {unknown}


   Skills:
 - Level 2.0 Fighting
 + Level 2.4 Short Blades
 - Level 2.0 Throwing
 - Level 1.0 Dodging
 * Level 6.1 Stealth


You had one spell level left.
You didn't know any spells.
Your spell library was empty.

Dungeon Overview and Level Annotations

Branches:
Dungeon (2/15)

Altars:

Annotations:
D:2 Robin


Innate Abilities, Weirdness & Mutations

You cannot wear most types of armour.
You are amphibious.
You can wear up to eight rings at the same time.
Your skin changes colour to match your surroundings (Stealth+).
Your rubbery body absorbs attacks. (AC +1, EV +1)
((You are camouflaged near water. (Stealth+)))
You have tentacles for arms and can constrict up to eight enemies at once.


Message History

You open the door.
There is an open door here.
A goblin comes into view. It is wielding a +0 dagger.
A goblin is nearby!
A goblin is nearby! 2 goblins and Robin come into view.
A hobgoblin comes into view.
Robin shouts!
The goblin shouts!
You hear a shout! x3
Robin throws the goblin at you! The goblin hits you with a +0 dagger.
A goblin comes into view. It is wielding a +3 dagger.
A goblin comes into view. It is wielding a +0 club.
The goblin unwields a +0 dagger.
The goblin wields a +0 hunting sling.
The goblin shoots a stone.
The stone hits you but does no damage.
The hobgoblin shouts!
The goblin shouts!
You hit the goblin. Your grab misses the goblin.
Your squeeze misses the goblin.
The goblin is moderately wounded.
The goblin hits you with a +0 dagger.
A goblin comes into view. It is wielding a +0 club.
Robin throws the goblin at you!
You hit the goblin. You grab the goblin.
The goblin is severely wounded.
You constrict the goblin, but do no damage.
The goblin closely misses you. The goblin barely misses you.
A goblin comes into view. It is wielding a +0 dagger.
A hobgoblin comes into view.
You hit the goblin.
You kill the goblin!
The goblin hits you with a +0 club.
The goblin unwields a +0 club.
The goblin wields a +0 hunting sling.
The goblin shoots a stone.
The stone misses you.
Robin roars a battlecry!
The goblins go into a battle-frenzy!
You see here a +0 dagger.
The goblin shoots a stone.
The stone barely misses you. Robin throws the goblin at you!
The goblin hits you with a +0 club.
* * * LOW HITPOINT WARNING * * *
The goblin shoots a stone.
The stone hits you.
You die...

##'## #g# #.# #g#
#.# #g# ##.## #g#
##...## #g# #.....#
#.# #####...#######
#)# ....##.##
#...###.#
###.##.####.....@g#
#...........#####
####.######## #.#
######.####
#.........#
#.####.##.#
#.####.##.###.
..............


You could see Robin, a hobgoblin (strong) and 3 goblins.

Vanquished Creatures
  2 bats
  An endoplasm (D:2)
  3 giant cockroaches (D:1)
  A goblin (D:2)
  A hobgoblin (D:1)
  2 kobolds (D:1)
  2 quokkas (D:1)
  2 frilled lizards
  A rat (D:1)
15 creatures vanquished.

Notes
Turn   | Place    | Note
-------+----------+-------------------------------------------
     0 | D:1      | Delamore the Octopode Brigand began the quest for the Orb.
     0 | D:1      | Reached XP level 1. HP: 14/14 MP: 1/1
   186 | D:1      | Reached XP level 2. HP: 16/19 MP: 2/2
   576 | D:1      | Reached skill level 6 in Stealth
  1004 | D:2      | Noticed Robin
  1011 | D:2      | Shot with a stone by a goblin

Illustrated notes

Levels and vault maps discovered:
D:1:      amcnicky_arrival_underground_garden, layout_loops_ring
D:2:      layout_loops_corners, uniq_robin, uniq_terence

Skill      XL: |  1  2 |
---------------+-------+-----
Stealth        | 6 |  6.1
Fighting       | |  2.0
Short Blades   | |  2.4
Throwing       | |  2.0
Dodging        | |  1.0

Action                   || total
-------------------------++-------
Melee: Dagger            ||    27
       Constrict         ||     4
       Tentacles         ||     2
 Stab: Sleeping          ||     6
Armor: Skin              ||     4
Dodge: Dodged            ||    17
